 Dungeon Crawl Stone Soup version 0.27-a0-75-g9f9dfd16e9 (webtiles) character file.

Game seed: 16645936263323334664

226 Klosterheim the Gusty (level 5, -1/22 HPs)
             Began as a Felid Air Elementalist on Jan 12, 2021.
             Slain by a sky beast (3 damage)
             ... on level 6 of the Dungeon on Jan 19, 2021.
             The game lasted 00:26:49 (8908 turns).

Klosterheim the Gusty (Felid Air Elementalist)      Turns: 8908, Time: 00:26:50

Health: -1/22      AC:  2    Str:  4    XL:     5   Next: 69%
Magic:  10/10      EV: 20    Int: 19    God:
Gold:   215        SH:  0    Dex: 16    Spells: 7/10 levels left
                                        Lives:  0   Deaths: 2

rFire    . . .     SeeInvis +     - Unarmed
rCold    . . .     Faith    .   (shield unavailable)
rNeg     . . .     Spirit   .   (armour unavailable)
rPois    .         Reflect  .   (helmet unavailable)
rElec    .         Harm     .   (cloak unavailable)
rCorr    +         Rampage  .   (gloves unavailable)
Will     .....                  (boots unavailable)
Stlth    +++.......             (no amulet)
HPRegen  0.07/turn              k - ring of resist corrosion
MPRegen  0.12/turn              (no ring)

@: quick
A: very small, no armour, no weapons or thrown items, stealth, claws 1, fangs 3,
see invisible, speed 1, shaggy fur 2, sharp paws
a: no special abilities


You were on level 6 of the Dungeon.
You visited 1 branch of the dungeon, and saw 6 of its levels.

You collected 215 gold pieces.

Inventory:

Jewellery
 k - a ring of resist corrosion (left paw)
Wands
 g - a wand of enslavement (11)
 i - a wand of disintegration (10)
 p - a wand of digging (1)
Scrolls
 b - 3 scrolls of remove curse
 e - 2 scrolls of fog
 f - a scroll of identify
 j - a scroll of teleportation
 m - a scroll of magic mapping
Potions
 a - a potion of mutation
 c - 2 potions of lignification {unknown}
 d - a potion of attraction {unknown}
 h - 2 potions of might {unknown}
 l - a potion of ambrosia
 n - 2 potions of haste {unknown}
 o - 4 potions of curing {unknown}


   Skills:
 + Level 2.0 Fighting
 + Level 5.0 Dodging
 + Level 4.0 Stealth
 - Level 1.0 Unarmed Combat
 - Level 3.0 Spellcasting
 + Level 3.0 Conjurations
 + Level 5.8 Air Magic
 - Level 2.0 Evocations


You had 7 spell levels left.
You knew the following spells:

 Your Spells              Type           Power        Failure   Level
a - Shock                 Conj/Air       76%          2%          1
b - Swiftness             Air            24%          2%          2

Your spell library contained the following spells:

 Spells                   Type           Power        Failure   Level
 Static Discharge         Conj/Air       19%          8%          3
 Airstrike                Air            12%          14%         4
 Lightning Bolt           Conj/Air       9%           56%         5


Dungeon Overview and Level Annotations

Branches:
Dungeon (6/15)
 Temple: D:4-7

Altars:
Dithmenos
Fedhas
Gozag
Kikubaaqudgha
Nemelex Xobeh
Sif Muna
Uskayaw
Zin
The Shining One

Annotations:
D:3 Purgy
D:5 exclusion: oklob plant


Innate Abilities, Weirdness & Mutations

You cannot wear armour.
You are incapable of wielding weapons or throwing items.
Your paws allow you to move quietly. (Stealth)
You have sharp claws.
You have razor-sharp teeth.
You have supernaturally acute eyesight. (SInv)
You cover ground quickly.
You are covered in thick fur. (AC +2)
Your sharp claws are effective at attacking unaware monsters.


Message History

The sky beast completely misses you. The sky beast closely misses you.
The sky beast flickers out of sight for a moment.
The sky beast hits you. The sky beast shocks you. The sky beast hits you.
The sky beast shocks you. The sky beast completely misses you.
The sky beast completely misses you. The sky beast hits you.
* * * LOW HITPOINT WARNING * * *
The sky beast shocks you.
* * * LOW HITPOINT WARNING * * *
The sky beast flickers out of sight for a moment.
The sky beast hits you but does no damage.
The sky beast closely misses you. The sky beast misses you.
The sky beast completely misses you. The sky beast misses you.
The sky beast hits you but does no damage.
The sky beast hits you.
You die...

......# #.#.#### ......#
#########.#.# ......#
#.........#.###### ......#
#####.#............... ......#
#...#.#.?....##.###### ......#
#...#.#......##.#<...# ...Y..#
#...#.#.#######.#.##.# †.....#
#...#.#.........#.....
......######...#@###########.####
.....(.....')..Y.........>##.....
####+#######.....########.#######
#.<.....########.#
#...#............#
####...############## #.......#
#.......# #.......#


You could see a sky beast (invisible).

Vanquished Creatures
  A black bear (D:6)
  A bullfrog (D:6)
  2 scorpions (D:5)
  A howler monkey (D:4)
  2 bullfrog zombies (D:5)
  2 centaur zombies (D:5)
  A centaur skeleton (D:5)
  A hound (D:5)
  A jelly (D:5)
  2 orc wizards (D:5)
  Natasha (D:3)
  4 worker ants
  A worker ant zombie (D:6)
  Robin (D:1)
  4 adders
  A shadow imp (D:4)
  An ufetubus (D:5)
  An ooze (D:5)
  2 adder skeletons
  A worm (D:2)
  3 leopard geckos
  7 orcs
  A ball python (D:4)
  3 bats
  6 giant cockroaches
  12 goblins
  13 hobgoblins
  6 jackals
  A quokka (D:5)
  5 frilled lizards
  7 kobolds
  A quokka skeleton (D:5)
  7 rats
103 creatures vanquished.

Vanquished Creatures (others)
  14 toadstools (D:5)
14 creatures vanquished.

Grand Total: 117 creatures vanquished

Notes
Turn   | Place    | Note
-------+----------+-------------------------------------------
     0 | D:1      | Klosterheim the Felid Air Elementalist began the quest for
                  | the Orb.
     0 | D:1      | Reached XP level 1. HP: 7/7 MP: 4/4
   359 | D:1      | Reached skill level 1 in Conjurations
   506 | D:1      | Reached XP level 2. HP: 11/11 MP: 0/6
   600 | D:1      | Learned a level 2 spell: Swiftness
  1417 | D:2      | Noticed Robin
  1481 | D:1      | Reached XP level 3. HP: 7/15 MP: 2/7
  2098 | D:1      | Killed Robin
  2771 | D:2      | Reached skill level 1 in Unarmed Combat
  2914 | D:2      | Reached skill level 1 in Fighting
  2921 | D:2      | Reached XP level 4. HP: 19/19 MP: 2/8
  3586 | D:3      | Found a sparkling altar of Nemelex Xobeh.
  4003 | D:3      | Noticed Natasha
  4015 | D:3      | Killed Natasha
  4221 | D:3      | Found an ancient bone altar of Kikubaaqudgha.
  4222 | D:3      | Noticed Purgy
  4506 | D:4      | Reached XP level 5. HP: 10/22 MP: 2/10
  4761 | D:4      | Found a hide-covered altar of Uskayaw.
  4827 | D:4      | Found a glowing silver altar of Zin.
  5173 | D:4      | Found a shadowy altar of Dithmenos.
  5577 | D:4      | Found a shimmering blue altar of Sif Muna.
  5592 | D:4      | Found an opulent altar of Gozag.
  5649 | D:5      | Entered Level 5 of the Dungeon
  5913 | D:5      | Gained mutation: You are covered in thick fur. (AC +2)
                  | [Felid growth]
  5913 | D:5      | Reached XP level 6. HP: 25/25 MP: 6/11
  6121 | D:5      | Reached skill level 5 in Dodging
  6406 | D:5      | Reached skill level 5 in Air Magic
  6640 | D:5      | Reached XP level 7. HP: 28/30 MP: 1/12
  6927 | D:5      | Found a glowing golden altar of the Shining One.
  7324 | D:5      | Found a blossoming altar of Fedhas.
  7344 | D:5      | Noticed an oklob plant
  7969 | D:6      | Reached skill level 1 in Evocations
  8784 | D:6      | Slain by a sky beast
  8785 | D:6      | Reached XP level 6. HP: -1/26 MP: 11/11
  8816 | D:6      | Killed from afar by a white imp
  8817 | D:6      | Reached XP level 5. HP: -1/22 MP: 10/10
  8901 | D:6      | HP: 1/22 [sky beast (5)]
  8908 | D:6      | Slain by a sky beast

Illustrated notes

Levels and vault maps discovered:
D:1:      dpeg_arrival_tiny_d, layout_rooms
D:2:      layout_basic, uniq_robin
D:3:      layout_basic, nemelex_xobeh_ov_fountains_minmay,
          kiku_gazebo_pond_becter, uniq_natasha, uniq_jessica, uniq_purgy
D:4:      layout_loops_cross, pdpol_temple_overflow_zin_treasury_gozag_greed,
          kennysheep_mini, grunt_dithmenos_shadows, lemuel_blue_sif_altar
D:5:      layout_loops_cross, tso_metal_star, tgw_fedhas
D:6:      layout_basic, ebering_ghost_rock_garden

Skill      XL: |  1  2  3  4  5  6  7 |
---------------+----------------------+-----
Conjurations   | 1 2 3 |  3.0
Stealth        | 3 4 |  4.0
Dodging        | 3 4 5 |  5.0
Air Magic      | 3 4 5 |  5.8
Unarmed Combat | 1 |  1.0
Fighting       | 1 2 |  2.0
Spellcasting   | 3 |  3.0
Evocations     | 2 |  2.0

Action                   |  1- 3 |  4- 6 |  7- 9 || total
-------------------------+-------+-------+-------++-------
Melee: Unarmed           |    35 |    33 |    58 ||   126
       Bite              |     3 |     4 |     9 ||    16
       Punch             |       |       |     1 ||     1
 Cast: Shock             |    93 |   119 |    71 ||   283
       Swiftness         |       |       |     1 ||     1
  Use: Scroll            |     3 |     7 |     2 ||    12
       Potion            |       |       |     1 ||     1
 Stab: Sleeping          |     2 |     7 |     1 ||    10
       Distracted        |     1 |     1 |       ||     2
Armor: Skin              |     1 |     4 |     6 ||    11
Dodge: Dodged            |    80 |   110 |    77 ||   267

Table legend: (Time is in decaauts)
 A = Elapsed time spent in this place.
 B = Non-inter-level travel time spent in this place.
 C = Inter-level travel time spent in this place.
 D = Time resting spent in this place.
 E = Time spent auto-exploring this place.
 F = Levels seen in this place.
 G = Mean time per level.
                   A        B        C        D        E       F      G
               +--------+--------+--------+--------+--------+-----+--------+
         Total |   8196 |   8004 |    192 |   4313 |   2263 |   6 | 1366.0 |
       Dungeon |   8196 |   8004 |    192 |   4313 |   2263 |   6 | 1366.0 |
               +--------+--------+--------+--------+--------+-----+--------+

Top non-repeatable levels by time:
     D:5: 2347 daAuts
     D:1: 2222 daAuts
     D:4: 1227 daAuts
     D:2: 1044 daAuts
     D:6: 697 daAuts
     D:3: 657 daAuts
